Map: Romanticide LE

Players

Vindicta

  • Race: Terran Terran
  • League: Grandmaster

Scarlett - Winner!

  • Race: Zerg Zerg

Event: DreamHack SC2 Masters 2021 Summer

VOD

Have the link to the VOD?

Description

Time

  • Played on: May 28, 2021, 6:45 p.m.
  • Length: 9:25

All games in this series

Show
View Real Time Build Order
Export as new Build Order

Vindicta Terran 

Build Orders: Reaper Expand 

Get SALT Encoding   

  12  0:00  SCV  
  13  0:12  SCV  
  14  0:16  Supply Depot  
  14  0:24  SCV  
  15  0:38  SCV, Barracks  
  16  0:42  Refinery  
  16  0:50  SCV  
  17  1:02  SCV  
  18  1:14  SCV  
  19  1:31  Reaper, Orbital Command  
  20  1:42  Command Center  
  20  1:55  Supply Depot  
  20  1:58  SCV  
  21  2:03  Marine  
  22  2:10  SCV  
  23  2:18  Factory  
  23  2:22  Barracks Reactor, SCV  
  24  2:34  SCV  
  25  2:44  Command Center  
  25  2:46  SCV  
  26  3:00  Orbital Command  
  26  3:02  SCV  
  27  3:09  Barracks Tech Lab, Barracks  
  27  3:14  Hellion  
  27  3:16  Hellion  
  27  3:18  SCV  
  32  3:24  Refinery  
  32  3:26  SCV  
  33  3:29  Stimpack  
  33  3:31  SCV  
  34  3:38  SCV  
  35  3:43  SCV  
  35  3:44  Marine  
  35  3:46  Supply Depot  
  35  3:47  Starport  
  37  3:51  SCV  
  37  3:54  Factory Reactor  
  38  3:55  SCV  
  38  3:58  Orbital Command  
  38  4:02  Marine  
  40  4:03  SCV  
  40  4:04  Marine x2  
  40  4:08  SCV  
  44  4:15  SCV  
  45  4:20  SCV, Marine  
  45  4:22  Marine x2, Supply Depot  
  50  4:33  SCV x2  
  50  4:34  Orbital Command  
  50  4:36  Factory Reactor  
  50  4:38  Engineering Bay, Marine  
  52  4:39  Engineering Bay  
  52  4:40  Marine x2, Medivac  
  52  4:42  Medivac  
  52  4:45  SCV x2  
  60  4:48  Supply Depot  
  60  4:53  Refinery  
  60  4:55  Refinery, Marine  
  60  4:57  SCV, Marine  
  60  4:58  Marine  
  60  4:59  SCV x2  
  65  5:08  Combat Shield  
  65  5:09  SCV  
  65  5:11  SCV, Barracks  
  65  5:13  Marine  
  68  5:15  Marine x2  
  68  5:19  SCV  
  71  5:21  SCV, Supply Depot  
  71  5:25  Terran Infantry Weapons Level 1  
  71  5:28  Terran Infantry Armor Level 1  
  72  5:31  SCV, Marine  
  72  5:32  SCV  
  72  5:33  Widow Mine  
  77  5:43  Widow Mine, SCV, Marine x2  
  77  5:44  SCV  
  77  5:45  Supply Depot  
  84  5:51  Barracks, Marine  
  84  5:52  Barracks  
  84  6:00  Marine  
  84  6:04  Marine  
  69  6:07  Orbital Command  
  69  6:09  Marine  
  64  6:11  SCV  
  64  6:12  SCV  
  64  6:18  Marine  
  64  6:20  Factory Reactor  
  64  6:22  Marine  
  64  6:25  Barracks x3, Marine  
  63  6:27  Marine  
  63  6:28  Marine  
  65  6:34  SCV  
  65  6:35  SCV  
  65  6:36  Marine  
  65  6:37  SCV  
  65  6:39  Marine  
  69  6:43  Marine  
  69  6:45  Marine  
  69  6:46  Barracks Reactor  
  69  6:47  SCV  
  73  6:48  Barracks Reactor, Marine  
  73  6:51  Supply Depot x2  
  73  6:52  SCV  
  73  6:53  SCV  
  76  6:54  Marine  
  76  6:57  Marine  
  76  6:58  Widow Mine  
  80  7:01  Marine  
  80  7:02  SCV, Armory  
  80  7:04  SCV  
  80  7:05  Widow Mine, Marine  
  80  7:07  Marine  
  87  7:09  SCV  
  87  7:12  Marine  
  87  7:14  SCV, Supply Depot  
  87  7:15  Barracks Reactor, Marine  
  91  7:16  Barracks Tech Lab x2  
  91  7:18  SCV  
  91  7:19  Marine  
  95  7:23  Widow Mine, Marine  
  95  7:25  Marine  
  96  7:31  Marine x4  
  96  7:32  Marine  
  96  7:33  SCV x2, Marine  
  96  7:35  Refinery  
  96  7:36  Marine  
  96  7:37  Marine, Supply Depot  
  104  7:39  Medivac  
  104  7:40  Medivac  
  104  7:43  Marine  
  112  7:46  Widow Mine  
  112  7:47  Widow Mine  
  112  7:49  Marine  
  117  7:54  Marine  
  115  7:59  Marine x2  
  115  8:00  Factory, Marine  
  115  8:02  Marine  
  115  8:03  Marine  
  115  8:05  Supply Depot  
  120  8:08  Widow Mine, Marine x3  
  125  8:19  Supply Depot  
  125  8:20  Orbital Command  
  125  8:26  Marine x3  
  128  8:28  Supply Depot  
  128  8:32  Widow Mine x2  
  128  8:33  Marine  
  128  8:34  Marauder, Marine x2  
  120  8:41  SCV x2  
  120  8:44  Marine  
  120  8:45  Marauder  
  120  8:47  SCV  
  123  8:49  Marine  
  123  8:50  Barracks Reactor, Marine  
  123  8:53  SCV  
  123  8:54  Widow Mine  
  116  8:55  Widow Mine, Marauder, Marine  
  116  8:56  Marine  
  116  8:58  Marine  
  116  9:00  Marine  
  114  9:06  Marine x2  
Show
View Real Time Build Order
Export as new Build Order

Scarlett Zerg - Winner!

Build Orders: Hatch First 

Get SALT Encoding   

  12  0:00  Drone  
  13  0:12  Overlord  
  13  0:16  Drone  
  14  0:30  Drone x2  
  16  0:48  Hatchery  
  15  0:50  Drone  
  15  0:54  Drone  
  17  0:57  Drone  
  18  1:08  Extractor  
  17  1:12  Spawning Pool  
  17  1:15  Drone  
  17  1:18  Drone  
  18  1:28  Drone  
  19  1:38  Drone  
  20  1:53  Drone  
  21  2:00  Queen x2  
  25  2:02  Zergling x2  
  26  2:12  Drone x2  
  26  2:14  Overlord  
  28  2:21  Hatchery  
  27  2:26  Drone  
  27  2:28  Metabolic Boost  
  28  2:34  Zergling x2  
  28  2:35  Drone  
  30  2:44  Queen  
  30  2:48  Overlord  
  30  2:49  Drone  
  30  2:50  Drone  
  34  2:58  Drone  
  34  2:59  Drone  
  36  3:06  Queen  
  36  3:10  Drone x4  
  42  3:14  Overlord  
  42  3:21  Queen  
  44  3:30  Overlord  
  44  3:32  Drone x2  
  44  3:34  Drone  
  47  3:38  Drone x2  
  47  3:39  Queen  
  51  3:43  Zergling x4  
  51  3:47  Drone x2  
  55  3:54  Zergling x4  
  57  3:56  Drone x2, Overlord  
  58  4:11  Drone x5  
  58  4:14  Queen  
  65  4:23  Evolution Chamber x2  
  65  4:24  Drone x7  
  68  4:28  Extractor  
  68  4:29  Drone x3  
  72  4:34  Baneling Nest  
  72  4:37  Queen  
  73  4:43  Overlord  
  73  4:45  Overlord  
  73  4:47  Overlord  
  73  4:55  Zerg Melee Weapons Level 1  
  73  5:01  Queen, Overlord  
  73  5:04  Drone  
  73  5:05  Drone x2  
  73  5:06  Zergling x16  
  73  5:07  Zergling x2  
  87  5:19  Lair  
  87  5:21  Baneling x6  
  87  5:23  Overlord x2  
  87  5:28  Overlord  
  87  5:37  Hatchery, Zergling x20  
  87  5:40  Zergling x2  
  97  5:45  Zergling x2  
  96  5:50  Zergling x2  
  96  5:51  Zergling x4  
  99  5:58  Zergling x2  
  96  6:09  Drone x7  
  96  6:10  Drone x3  
  98  6:17  Hatchery  
  97  6:18  Hatchery, Centrifical Hooks  
  97  6:19  Extractor  
  97  6:23  Drone x4  
  98  6:28  Extractor  
  98  6:29  Extractor  
  96  6:41  Zergling x18  
  105  6:47  Baneling x8  
  105  6:49  Drone x2  
  105  6:52  Drone x5  
  112  6:58  Drone x3  
  112  7:00  Drone x2  
  117  7:03  Zerg Ground Armor Level 1  
  117  7:18  Drone x3  
  117  7:19  Drone  
  117  7:21  Extractor  
  116  7:31  Drone x6  
  116  7:32  Drone x10  
  116  7:35  Spore Crawler  
  131  7:37  Overlord x4  
  131  7:39  Infestation Pit  
  129  7:44  Zergling x2  
  129  7:45  Zergling x8  
  129  7:47  Baneling x12  
  129  7:49  Overseer  
  129  7:50  Overlord  
  134  7:57  Zergling x2  
  134  7:58  Zergling x18  
  144  8:03  Zergling x2  
  144  8:04  Zergling x6  
  148  8:07  Zergling x2, Overseer  
  148  8:11  Baneling x10  
  149  8:16  Zergling x18  
  149  8:29  Zergling x26  
  159  8:36  Zergling x2  
  159  8:37  Zergling x6  
  159  8:40  Baneling x13  
  159  8:45  Zergling x20  
  168  8:51  Hydralisk Den  
  168  8:52  Extractor  
  162  8:56  Drone x11  
  162  8:57  Hatchery  
  162  8:59  Extractor  
  154  9:18  Extractor x2  
Tags
 
Add a new tag
Caveats
  • Supply blocks, unpowered buildings, or Contaminate may cause inaccurate times.
  • Supply counts are checked every 10 seconds.